 Dungeon Crawl Stone Soup version 0.29.1-12-g30fa7ad0bf (webtiles) character file.

Game seed: 8784617565896262725

844 cheesebisquit the Cleaver (level 7, -2/58 HPs)
             Began as a Minotaur Berserker on Dec 30, 2022.
             Was an Elder of Trog.
             Slain by a gnoll
             ... wielding a +0 whip
             ... led by a gnoll bouda
              (5 damage)
             ... on level 5 of the Dungeon on Dec 31, 2022.
             The game lasted 00:18:57 (4353 turns).

cheesebisquit the Cleaver (Minotaur Berserker)      Turns: 4353, Time: 00:18:58

Health: -2/58      AC:  9    Str: 24    XL:     7   Next: 68%
Magic:  6/6        EV: 11    Int:  4    God:    Trog [****..]
Gold:   274        SH:  5    Dex:  9    Spells: 6/6 levels left

rFire   . . .      SeeInvis .   a - +0 hand axe
rCold   + . .      Faith    .   g - +0 buckler
rNeg    . . .      Spirit   .   p - +0 ring mail
rPois   .          Reflect  .   (helmet restricted)
rElec   .          Harm     .   (no cloak)
rCorr   .          Rampage  .   D - +0 pair of gloves
Will    ++...                   m - +2 pair of boots
Stlth   ..........              (no amulet)
HPRegen 1.19/turn               c - ring of protection from cold
MPRegen 0.10/turn               (no ring)

@: strong-willed, on berserk cooldown, regenerating, slowed, very slow
A: horns 2, retaliatory headbutt
a: Renounce Religion, Berserk, Trog's Hand, Brothers in Arms


You were on level 5 of the Dungeon.
You worshipped Trog.
Trog was greatly pleased with you.
You visited 1 branch of the dungeon, and saw 6 of its levels.

You collected 274 gold pieces.

Inventory:

Hand Weapons
 a - a +0 hand axe (weapon)
Missiles
 s - 5 curare-tipped darts (quivered)
 v - 5 poisoned darts
 G - a throwing net
Armour
 g - a +0 buckler (worn)
 m - a +2 pair of boots (worn)
 p - a +0 ring mail (worn)
 D - a +0 pair of gloves (worn)
Jewellery
 c - a ring of protection from cold (left hand)
Wands
 b - a wand of polymorph (10)
 t - a wand of flame (6)
 C - a wand of charming (8)
Scrolls
 d - a scroll of silence {unknown}
 e - a scroll of fear {unknown}
 j - 2 scrolls of teleportation {unknown}
 k - 3 scrolls of enchant weapon {unknown}
 l - a scroll of noise {unknown}
 n - a scroll of brand weapon {unknown}
 r - a scroll of butterflies {unknown}
 u - a scroll of poison {unknown}
 w - a scroll of immolation {unknown}
 x - a scroll of magic mapping {unknown}
 y - a scroll of vulnerability {unknown}
 F - a scroll of identify
 H - a scroll of torment {unknown}
Potions
 f - a potion of flight
 h - 2 potions of mutation
 o - a potion of attraction
 q - a potion of magic
 z - 2 potions of berserk rage {unknown}
 A - 2 potions of haste {unknown}
 B - a potion of lignification {unknown}
 E - 2 potions of might {unknown}


   Skills:
 - Level 3.9 Fighting
 + Level 8.1 Axes
 - Level 2.8 Armour
 - Level 2.5 Dodging
 + Level 6.8 Shields


You had 6 spell levels left.
You didn't know any spells.
Your spell library was empty.

Dungeon Overview and Level Annotations

Branches:
Dungeon (6/15)
 Temple: D:4-7

Altars:
Fedhas
Kikubaaqudgha
Zin

Shops:
D:1 *


Innate Abilities, Weirdness & Mutations

You have a pair of horns on your head.
You reflexively headbutt those who attack you in melee.


Message History

Okay, then.
Okay, then.
The jelly attacks as you move away! The jelly misses you. Something hits you.
* * * LOW HITPOINT WARNING * * *
The jelly hits you but does no damage.
Things that are here:
a +0 whip; a +0 robe; a gnoll corpse The jelly attacks as you move away!
The jelly hits you but does no damage. The jelly attacks as you move away!
The jelly hits you but does no damage. Something hits you.
* * * LOW HITPOINT WARNING * * *
The jelly hits you but does no damage. Something barely misses you.
There is a stone staircase leading down here.
The jelly hits you but does no damage. Something hits you.
* * * LOW HITPOINT WARNING * * *
You climb downwards.
Reactivating autopickup.
You are no longer corroded.
The killer bee buzzes angrily.
Found 2 orange potions and a gilded ring.
There is a stone staircase leading up here.
You hit the jelly.
You kill the jelly!
Trog accepts your kill.
You slash something! Something hits you.
* * * LOW HITPOINT WARNING * * *
Deactivating autopickup; reactivate with Ctrl-A.
A killer bee comes into view.
Something hits you.
* * * LOW HITPOINT WARNING * * *
A killer bee comes into view.
The killer bee buzzes angrily. x2
Something hits you.
* * * LOW HITPOINT WARNING * * *
The killer bee completely misses you.
You climb upwards.
Reactivating autopickup.
There is a stone staircase leading down here.
Something hits you.
You die...

.........))......
#.#.#######.)########
#.#.## #..# #.#..#
#..####### #.#..#
#........# ###.#..#
#.######.# ...#..#
#.# #.# #
#.#{.######.# #.# #.
#.†.@.....#.# #.# ..
#.[..####!#.######.##
..###.##)...#
#.#..........
.?....$...#.#
#.#######.###
.####.>.....# #.# #.#
# #####.### #.# #.# #
#.# #.# #.# # #.# #.#
#.# # #.######.####
#.# #


There were no monsters in sight!

Vanquished Creatures
  A water moccasin (D:5)
  An ogre (D:4)
  A phantom (D:4)
  A scorpion (D:4)
  3 hounds (D:5)
  A jelly (D:6)
  A gnoll bouda (D:5)
  An iguana (D:4)
  Natasha (thrice) (D:2)
  3 orc wizards
  Robin (D:2)
  6 gnolls (D:5)
  2 adders
  An ufetubus (D:5)
  A worm (D:4)
  A dart slug (D:2)
  7 orcs
  5 ball pythons
  5 bats
  6 endoplasms
  3 giant cockroaches (D:1)
  12 hobgoblins
  3 jackals (D:1)
  7 quokkas
  8 frilled lizards
  22 goblins
  5 kobolds
  5 rats
116 creatures vanquished.

Vanquished Creatures (others)
  2 fungi (D:1)
  6 plants
  3 withered plants (D:4)
11 creatures vanquished.

Grand Total: 127 creatures vanquished

Notes
Turn   | Place    | Note
-------+----------+-------------------------------------------
     0 | D:1      | cheesebisquit the Minotaur Berserker began the quest for
                  | the Orb.
     0 | D:1      | Reached XP level 1. HP: 19/19 MP: 0/0
   270 | D:1      | Reached XP level 2. HP: 27/27 MP: 1/1
   425 | D:1      | Found a faded altar of an unknown god.
   439 | D:1      | Reached ** piety under Trog
   440 | D:1      | Reached skill level 4 in Axes
   585 | D:1      | Found Doucuman's Assorted Antiques.
   598 | D:1      | Reached skill level 1 in Shields
   598 | D:1      | Reached XP level 3. HP: 28/33 MP: 2/2
   951 | D:2      | Found a glowing silver altar of Zin.
  1033 | D:2      | Noticed Robin
  1325 | D:2      | Noticed Natasha
  1339 | D:2      | Killed Natasha
  1340 | D:2      | Reached XP level 4. HP: 40/40 MP: 3/3
  1340 | D:2      | Killed Robin
  1410 | D:2      | Reached skill level 5 in Axes
  1651 | D:2      | Noticed Natasha
  1664 | D:2      | Killed Natasha
  1711 | D:2      | Noticed Natasha
  1717 | D:2      | Killed Natasha
  1718 | D:2      | Reached XP level 5. HP: 46/46 MP: 4/4
  2093 | D:3      | Reached *** piety under Trog
  3166 | D:4      | Found an ancient bone altar of Kikubaaqudgha.
  3230 | D:4      | Reached skill level 6 in Axes
  3230 | D:4      | Reached XP level 6. HP: 46/52 MP: 5/5
  3348 | D:4      | Reached skill level 5 in Shields
  3465 | D:4      | Found a blossoming altar of Fedhas.
  3752 | D:4      | Reached skill level 7 in Axes
  3835 | D:5      | Entered Level 5 of the Dungeon
  3945 | D:5      | Identified the +2 hat of Japp {rPois Int+4 Slay-6}
  3993 | D:5      | Reached XP level 7. HP: 58/58 MP: 6/6
  4258 | D:5      | Reached **** piety under Trog
  4333 | D:5      | Reached skill level 8 in Axes
  4351 | D:6      | HP: 1/58 [something (4)]
  4353 | D:5      | Slain by a gnoll

Illustrated notes

Levels and vault maps discovered:
D:1:      dpeg_arrival_snail, layout_basic, serial_shops,
          nicolae_shop_window_shopping, dreamdust_ecumenical_altar_grove
D:2:      layout_loops_cross, basic_altar, uniq_robin, uniq_natasha
D:3:      layout_loops_ring
D:4:      layout_loops_ring, fedhas_altar_1, kiku_gazebo_garden_becter,
          minmay_lizard_king
D:5:      layout_loops_ring
D:6:      layout_loops_corners, nicolae_overflow_hallway_of_the_gods,
          minmay_temple_entry_gardened_gates, uniq_maggie

Skill      XL: |  1  2  3  4  5  6  7 |
---------------+----------------------+-----
Axes           | 4 5 6 7 8 |  8.1
Shields        | 1 2 3 4 5 6 |  6.8
Fighting       | |  3.9
Armour         | |  2.8
Dodging        | |  2.5

Action                   |  1- 3 |  4- 6 |  7- 9 || total
-------------------------+-------+-------+-------++-------
Melee: Hand axe          |    78 |   190 |    66 ||   334
       Headbutt          |     5 |    25 |     9 ||    39
Invok: Berserk           |     1 |     3 |     2 ||     6
       Trog's Hand       |     1 |     3 |     2 ||     6
  Use: Scroll            |       |     7 |       ||     7
       Potion            |       |       |     1 ||     1
Armor: Animal skin       |    21 |     8 |       ||    29
       Ring mail         |       |    45 |    32 ||    77
Dodge: Dodged            |    41 |    82 |    32 ||   155
Block: Buckler           |    12 |    28 |    20 ||    60
